 Seeded DCSS version 0.29.0-4-gdea44cf6ec (webtiles) character file.

Game seed: 7418951958025570837 (custom seed)

245 voltaire321 the Sneak (level 6, -6/36 HPs)
             Began as an Octopode Earth Elementalist on Aug 27, 2022.
             Mangled by a scorpion (7 damage)
             ... on level 4 of the Dungeon.
             The game lasted 00:08:32 (3531 turns).

voltaire321 the Sneak (Octopode Earth Elementalist) Turns: 3531, Time: 00:08:32

Health: -6/36      AC:  1    Str:  7    XL:     6   Next: 10%
Magic:  5/10       EV: 13    Int: 19    God:
Gold:   186        SH:  0    Dex: 13    Spells: 4/10 levels left

rFire   . . .      SeeInvis .   f - +0 dagger
rCold   . . .      Faith    .   (no shield)
rNeg    . . .      Spirit   .   (helmet restricted)
rPois   .          Reflect  .   (no amulet)
rElec   .          Harm     .   (no ring)
rCorr   .          Rampage  .   (no ring)
Will    .....                   (no ring)
Stlth   ++++......              (no ring)
HPRegen 0.12/turn               (no ring)
MPRegen 0.12/turn               (no ring)
                                (no ring)
                                (no ring)

@: lethally poisoned (-6 -> -17)
A: almost no armour, amphibious, 8 rings, camouflage 1, gelatinous body 1,
(nimble swimmer 1), tentacles
a: no special abilities


You were on level 4 of the Dungeon.
You visited 1 branch of the dungeon, and saw 4 of its levels.

You collected 241 gold pieces.
You spent 55 gold pieces at shops.

Inventory:

Hand Weapons
 f - a +0 dagger (weapon)
Jewellery
 d - an amulet of guardian spirit
 u - a ring of poison resistance
Wands
 s - a wand of paralysis (11)
Scrolls
 c - 2 scrolls of amnesia
 g - 8 scrolls of identify
 h - 8 scrolls of teleportation
 l - 2 scrolls of butterflies {unknown}
 o - a scroll of enchant armour
 p - a scroll of noise {unknown}
 q - a scroll of fear {unknown}
 v - a scroll of enchant weapon {unknown}
Potions
 a - 3 potions of magic
 b - 2 potions of haste
 e - a potion of invisibility
 i - 3 potions of cancellation {unknown}
 j - 3 potions of mutation {unknown}
 k - a potion of might {unknown}
 m - a potion of heal wounds {unknown}
 n - a potion of curing {unknown}
 r - 2 potions of flight {unknown}
 t - a potion of brilliance {unknown}


   Skills:
 + Level 3.0 Dodging
 + Level 4.4 Stealth
 + Level 2.9 Spellcasting
 + Level 1.6 Conjurations
 + Level 2.4 Transmutations
 + Level 3.9 Earth Magic


You had 4 spell levels left.
You knew the following spells:

 Your Spells              Type           Power      Damage    Failure   Level
a - Sandblast             Erth           34%        2d9       3%          1
b - Passwall              Tmut/Erth      11%        N/A       6%          2
c - Stone Arrow           Conj/Erth      26%        3d8       14%         3

Your spell library contained the following spells:

 Spells                   Type           Power      Damage    Failure   Level
 Petrify                  Tmut/Erth      14%        N/A       38%         4


Dungeon Overview and Level Annotations

Branches:
Dungeon (4/15)
 Temple: D:4-7

Altars:

Shops:
D:2 ?


Innate Abilities, Weirdness & Mutations

You cannot wear most types of armour.
You are amphibious.
You can wear up to eight rings at the same time.
Your skin changes colour to match your surroundings (Stealth+).
Your rubbery body absorbs attacks. (AC +1, EV +1)
((You are camouflaged when in or above water. (Stealth+)))
You have tentacles for arms and can constrict up to eight enemies at once.


Message History

The blast of sand hits the scorpion.
The scorpion is moderately wounded.
The endoplasm quivers.
You feel very sick. The scorpion stings you! The scorpion barely misses you.
Casting: Sandblast (safe; 3% risk of failure)
Confirm with . or Enter, or press ? or * to list all spells.
Aiming: Sandblast (safe; 3% risk of failure)
Press: ? - help, Shift-Dir - straight line, f/p - scorpion
Aim: a scorpion (moderately wounded, 82% to hit)
The blast of sand hits the scorpion.
The scorpion is heavily wounded.
You feel very sick.
The endoplasm jiggles.
The scorpion stings you.
The scorpion stings you but does no damage.
Casting: Sandblast (safe; 3% risk of failure)
Confirm with . or Enter, or press ? or * to list all spells.
Aiming: Sandblast (safe; 3% risk of failure)
Press: ? - help, Shift-Dir - straight line, f/p - scorpion
Aim: a scorpion (heavily wounded, 82% to hit)
The blast of sand hits the scorpion.
The scorpion is severely wounded.
You feel very sick. The scorpion stings you.
* * * LOW HITPOINT WARNING * * *
You are lethally poisoned!
The scorpion poisons you!
Your magical contamination has completely faded away.
Casting: Sandblast (safe; 3% risk of failure)
Confirm with . or Enter, or press ? or * to list all spells.
Aiming: Sandblast (safe; 3% risk of failure)
Press: ? - help, Shift-Dir - straight line, f/p - scorpion
Aim: a scorpion (severely wounded, 82% to hit)
The blast of sand hits the scorpion.
The scorpion is almost dead.
* * * LOW HITPOINT WARNING * * *
You feel very sick. The scorpion stings you!
You die...

....... .......
....... .......
. ....... ...
.......
.....###.......
......s@..J....
....#.........#
. #........##
.......w###
..##.....# #..
.....## ..g
.....# .... ..
.###... ....
...


You could see a worm, a scorpion, an endoplasm and a goblin (asleep).

Vanquished Creatures
  A scorpion (D:4)
  A jelly (D:4)
  Ijyb (D:3)
  Robin (D:3)
  A gnoll (D:4)
  2 adders
  4 worms
  2 dart slugs (D:1)
  An orc (D:4)
  6 bats
  7 endoplasms
  3 giant cockroaches
  14 goblins
  11 hobgoblins
  5 kobolds
  7 ball pythons
  4 frilled lizards
  4 rats
75 creatures vanquished.

Notes
Turn   | Place    | Note
-------+----------+-------------------------------------------
     0 | D:1      | voltaire321 the Octopode Earth Elementalist began the quest
                  | for the Orb.
     0 | D:1      | Reached XP level 1. HP: 11/11 MP: 3/3
   141 | D:1      | You fall into a shaft and drop 1 floor!
   325 | D:1      | Reached XP level 2. HP: 17/17 MP: 3/5
   371 | D:1      | Reached skill level 3 in Stealth
   973 | D:1      | Reached XP level 3. HP: 21/21 MP: 4/6
  1373 | D:2      | Learned a level 2 spell: Passwall
  1377 | D:2      | Learned a level 3 spell: Stone Arrow
  1432 | D:2      | Found Iwobru's Magic Scroll Emporium.
  1438 | D:2      | Bought a scroll of identify for 22 gold pieces
  1438 | D:2      | Bought a scroll of teleportation for 33 gold pieces
  1809 | D:2      | Reached XP level 4. HP: 27/27 MP: 3/7
  2174 | D:3      | Noticed Robin
  2341 | D:3      | Found the +4 robe of Augmentation {Str+4 Int+4 Dex+4}
  2398 | D:3      | Noticed Ijyb
  2402 | D:3      | Killed Ijyb
  2403 | D:3      | Reached skill level 4 in Stealth
  2553 | D:3      | Killed Robin
  2554 | D:3      | Reached skill level 1 in Conjurations
  2554 | D:3      | Reached XP level 5. HP: 26/31 MP: 5/8
  3332 | D:4      | Reached XP level 6. HP: 20/36 MP: 2/10
  3531 | D:4      | HP: 1/36 [poisoned by a scorpion]
  3531 | D:4      | Mangled by a scorpion

Illustrated notes

Levels and vault maps discovered:
D:1:      dpeg_arrival_erosion, layout_loops_corners, bh_walls_and_bars
D:2:      layout_rooms, serial_shops, shop_statue, kennysheep_generic_room_11
D:3:      layout_loops_cross, grunt_decor_fettered, roderic_roman_lattice,
          uniq_robin, uniq_ijyb
D:4:      layout_cave_pools

Skill      XL: |  1  2  3  4  5 |
---------------+----------------+-----
Stealth        | 3 4 |  4.4
Transmutations | 2 |  2.4
Conjurations   | 1 |  1.6
Dodging        | 3 |  3.0
Spellcasting   | |  2.9
Earth Magic    | |  3.9

Action                   |  1- 3 |  4- 6 || total
-------------------------+-------+-------++-------
Melee: Dagger            |     1 |    11 ||    12
       Unarmed           |     1 |       ||     1
       Constrict         |       |     4 ||     4
       Tentacles         |       |     3 ||     3
 Cast: Sandblast         |    49 |    58 ||   107
  Use: Scroll            |     4 |       ||     4
 Stab: Sleeping          |     1 |     2 ||     3
Armor: Skin              |     2 |     1 ||     3
Dodge: Dodged            |    13 |    22 ||    35
